 Dungeon Crawl Stone Soup version 0.26.1-2-gb8aa6d0cf2 (webtiles) character file.

Game seed: 1744073134140073366

502 Eitelfritz the Chopper (level 7, -1/60 HPs)
             Began as a Hill Orc Fighter on Feb 19, 2021.
             Slain by a phantom (5 damage)
             ... on level 4 of the Dungeon.
             The game lasted 00:08:16 (4479 turns).

Eitelfritz the Chopper (Hill Orc Fighter)           Turns: 4479, Time: 00:08:17

Health: -1/60      AC:  7    Str: 19    XL:     7   Next: 17%
Magic:  7/7        EV: 10    Int: 10    God:
Gold:   173        SH:  0    Dex: 10    Spells: 6/6 levels left

rFire    . . .     SeeInvis .   a - +0 war axe
rCold    . . .     Faith    .   (no shield)
rNeg     . . .     Spirit   .   b - +0 scale mail
rPois    .         Reflect  .   (no helmet)
rElec    .         Harm     .   (no cloak)
rCorr    .         Rampage  .   f - +0 pair of gloves
Will     .....                  n - -2 pair of boots (curse)
Stlth    ..........             (no amulet)
HPRegen  0.20/turn              (no ring)
MPRegen  0.10/turn              (no ring)

@: no status effects
A: no striking features
a: no special abilities


You were on level 4 of the Dungeon.
You visited 1 branch of the dungeon, and saw 4 of its levels.

You collected 173 gold pieces.

Inventory:

Hand Weapons
 a - a +0 war axe (weapon)
 i - a +0 trident
 s - a +0 vorpal flail
Missiles
 o - 9 stones (quivered)
Armour
 b - a +0 scale mail (worn)
 c - a +0 kite shield
 f - a +0 pair of gloves (worn)
 g - a cursed +0 ring mail
 n - a cursed -2 pair of boots (worn)
 u - a +0 chain mail
Jewellery
 h - a +6 ring of intelligence {unknown}
 q - an uncursed ring of wizardry {unknown}
Wands
 t - a wand of acid (8)
Scrolls
 e - 4 scrolls of teleportation {unknown}
 j - 2 scrolls of identify {unknown}
 k - a scroll of enchant weapon {unknown}
 m - 2 scrolls of remove curse {unknown}
 p - a scroll of noise {unknown}
Potions
 d - 2 potions of might
 l - a potion of mutation {unknown}
 r - a potion of lignification {unknown}


   Skills:
 + Level 4.8 Fighting
 + Level 6.4 Axes
 + Level 0.3(3.2) Polearms
 + Level 5.4 Armour
 + Level 1.6 Dodging
 + Level 0.3 Stealth
 + Level 3.8 Shields


You had 6 spell levels left.
You didn't know any spells.
Your spell library was empty.

Dungeon Overview and Level Annotations

Branches:
Dungeon (4/15)
 Temple: D:4-7

Altars:
Makhleb
Okawaru


Message History

Throw: 11 stones
Press: ? - help, Q - select action, (/) - cycle Shift-Dir - straight line, f/p - phantom
Aim: a phantom (severely damaged, 46% to hit)
You throw a stone.
The stone hits the phantom but does no damage.
The phantom is severely damaged.
Throw: 10 stones
Press: ? - help, Q - select action, (/) - cycle Shift-Dir - straight line, f/p - phantom
Aim: a phantom (severely damaged, 46% to hit)
You throw a stone. The stone closely misses the phantom.
You barely miss the phantom.
The phantom is severely damaged.
The phantom barely misses you. x2
You hit the phantom.
The phantom is almost destroyed.
The phantom closely misses you.
Your scale mail prevents you from hitting the phantom.
The phantom is almost destroyed.
The phantom hits you.
You die...

#....#.#.....#
#..W.#.##(...#
......#.#.(...#
.######.#..(.##
#.#.(..#
#.#.(..# #.(..#
#.W..# #.@..#
######


You could see a phantom.

Vanquished Creatures
  Edmund (D:4)
  A hound (D:4)
  3 iron imps (D:4)
  3 orc wizards (D:4)
  2 worker ants (D:4)
  3 gnolls (D:3)
  7 adders
  An ooze (D:3)
  5 dart slugs
  2 leopard geckos
  4 orcs (D:4)
  4 bats
  A giant cockroach (D:4)
  6 goblins
  2 hobgoblins (D:1)
  7 kobolds
  A quokka (D:2)
  4 frilled lizards
  2 rats (D:1)
59 creatures vanquished.

Notes
Turn   | Place    | Note
-------+----------+-------------------------------------------
     0 | D:1      | Eitelfritz the Hill Orc Fighter began the quest for the
                  | Orb.
     0 | D:1      | Reached XP level 1. HP: 19/19 MP: 1/1
   344 | D:1      | Reached XP level 2. HP: 27/27 MP: 2/2
  1140 | D:1      | Reached skill level 3 in Axes
  1239 | D:1      | Reached XP level 3. HP: 33/33 MP: 3/3
  1913 | D:2      | Reached XP level 4. HP: 37/40 MP: 4/4
  2008 | D:2      | Reached skill level 1 in Dodging
  2820 | D:3      | Reached XP level 5. HP: 42/47 MP: 5/5
  2888 | D:3      | You fall into a shaft and drop 1 floor!
  2888 | D:4      | Found an iron altar of Okawaru.
  2913 | D:4      | Reached skill level 4 in Axes
  3303 | D:4      | Found a burning altar of Makhleb.
  3342 | D:4      | Reached skill level 5 in Axes
  3342 | D:4      | Reached XP level 6. HP: 7/53 MP: 6/6
  3899 | D:4      | Noticed Edmund
  3918 | D:4      | Killed Edmund
  3919 | D:4      | Reached skill level 6 in Axes
  3919 | D:4      | Reached skill level 5 in Armour
  4355 | D:4      | Reached XP level 7. HP: 52/60 MP: 7/7
  4471 | D:4      | HP: 2/60 [phantom (3)]
  4479 | D:4      | Slain by a phantom

Illustrated notes

Levels and vault maps discovered:
D:1:      dpeg_arrival_stone_temple_mockup, layout_basic
D:2:      layout_rooms, serial_co_window_serial, co_window_corner_a,
          co_window_paths_a, co_window_paths_a, co_window_paths_b,
          co_window_cross_1, co_window_paths_b, co_window_paths_b,
          co_window_broadway_a, co_window_broadway_a, co_window_broadway_a,
          co_window_broadway_b, glass_columns_c, glass_columns_a,
          glass_columns_a, glass_columns_a
D:3:      layout_basic, corexii_item_surrounded_by_moat
D:4:      layout_basic, kennysheep_mini, kennysheep_okawaru_gauntlet,
          demons_altar, serial_shops, nicolae_shop_crystal, lemuel_old_faithful,
          uniq_grinder, uniq_pikel, uniq_edmund

Skill      XL: |  1  2  3  4  5  6 |
---------------+-------------------+-----
Axes           | 3 5 6 |  6.4
Dodging        | 1 |  1.6
Fighting       | 4 |  4.8
Armour         | 4 5 |  5.4
Polearms       | |  0.3
Stealth        | |  0.3
Shields        | |  3.8

Action                   |  1- 3 |  4- 6 |  7- 9 || total
-------------------------+-------+-------+-------++-------
Melee: War axe           |    94 |   124 |    42 ||   260
       Trident           |       |     5 |       ||     5
Throw: Stone             |       |       |    13 ||    13
  Use: Potion            |       |     1 |       ||     1
Armor: Scale mail        |    55 |    63 |    23 ||   141
Dodge: Dodged            |    61 |    64 |    19 ||   144
